 Dungeon Crawl Stone Soup version 0.30.1-4-g462c640d31 (webtiles) character file.

Game seed: 7018219520034660331

1458 rddays123 the Covered (level 8, -38/74 HPs)
             Began as a Minotaur Fighter on Sept 8, 2023.
             Was a Believer of Okawaru.
             Killed by an exploding steam dragon (41 damage)
             ... ignited by their inner flame
             ... on level 9 of the Dungeon.
             The game lasted 00:07:03 (4708 turns).

rddays123 the Covered (Minotaur Fighter)            Turns: 4708, Time: 00:07:04

Health: -38/74     AC: 19    Str: 22    XL:     8   Next: 47%
Magic:  5/7        EV:  8    Int:  5    God:    Okawaru [**....]
Gold:   288        SH:  6    Dex: 11    Spells: 7/7 levels left

rFire   . . .        a - +0 war axe
rCold   . . .        c - +0 buckler
rNeg    . . .        j - +0 plate armour
rPois   +            (helmet restricted)
rElec   .            s - +1 cloak {rPois}
rCorr   .            g - +0 pair of gloves
SInv    +            (no boots)
Will    .....        (no amulet) Stlth
                     h - ring of see invisible
HPRegen 0.32/turn    (no ring)
MPRegen 0.10/turn

%: no passive effects
@: heroic
A: horns 2, retaliatory headbutt
a: Renounce Religion, Heroism


You were on level 9 of the Dungeon.
You worshipped Okawaru.
Okawaru was pleased with you.
You visited 1 branch of the dungeon, and saw 7 of its levels.

You collected 288 gold pieces.

Inventory:

Hand Weapons
 a - a +0 war axe (weapon)
Armour
 b - a +0 scale mail
 c - a +0 buckler (worn)
 g - a +0 pair of gloves (worn)
 j - a +0 plate armour (worn)
 q - a +0 cloak
 s - a +1 cloak of poison resistance (worn)
Jewellery
 h - a ring of see invisible (left hand)
Scrolls
 f - 2 scrolls of identify {unknown}
 i - 2 scrolls of immolation
 l - 2 scrolls of enchant armour {unknown}
 o - 2 scrolls of teleportation {unknown}
 r - a scroll of summoning {unknown}
 u - 2 scrolls of amnesia {unknown}
 x - a scroll of brand weapon {unknown}
Potions
 d - 2 potions of might
 e - 3 potions of flight {unknown}
 k - a potion of resistance {unknown}
 m - 2 potions of attraction {unknown}
 n - a potion of magic {unknown}
 p - a potion of mutation {unknown}
 t - 2 potions of curing {unknown}
 v - a potion of cancellation {unknown}
 w - a potion of haste {unknown}


   Skills:
 + Level 7.7(12.7) Fighting
 + Level 7.1(12.1) Axes
 + Level 7.7(12.7) Armour
 - Level 5.6(10.6) Shields
 - Level 1.1 Invocations


You had 7 spell levels left.
You didn't know any spells.
Your spell library contained the following spells:

 Spells                   Type           Power      Damage    Failure   Level
 Hailstorm                Conj/Ice       0%         3d3       100%        3
 Ice Form                 Ice/Tmut       0%         N/A       100%        4
 Simulacrum               Ice/Necr       Unusable   N/A       N/A         6

Dungeon Overview and Level Annotations

Branches:
Dungeon (6/15)             Temple (0/1) D:5

Altars:
Dithmenos
Elyvilon
Fedhas
Kikubaaqudgha
Okawaru
Wu Jian
Xom
Zin
The Shining One


Innate Abilities, Weirdness & Mutations

You have a pair of horns on your head.
You reflexively headbutt those who attack you in melee.


Message History

The orc warrior hits you with a +0 dire flail!
The steam dragon attacks as you move away!
The steam dragon barely misses you. The steam dragon claws you.
The orc warrior attacks as you move away!
The orc warrior hits you with a +0 dire flail!
The steam dragon breathes steam at you. The ball of steam hits you.
You closely miss the orc warrior.
The orc warrior is heavily wounded.
You are engulfed in a cloud of scalding steam.
The orc warrior is engulfed in a cloud of scalding steam.
You block the orc warrior's attack.
The orc warrior is engulfed in a cloud of scalding steam.
The orc warrior hits you with a +0 dire flail!
You hit the steam dragon.
The steam dragon is heavily wounded.
You barely miss the orc warrior.
You are engulfed in a cloud of scalding steam.
The steam dragon barely misses you. You furiously retaliate!
You headbutt the steam dragon! The steam dragon completely misses you.
The orc warrior hits you with a +0 dire flail!
* * * LOW HITPOINT WARNING * * *
The orc is engulfed in a cloud of scalding steam.
The orc dies!
As you read the scroll labelled ZIOXTI ELACS, it crumbles to dust.
The creatures around you are filled with an inner flame!
It was a scroll of immolation.
The steam dragon bites you.
* * * LOW HITPOINT WARNING * * *
The steam dragon barely misses you.
The orc is engulfed in a cloud of scalding steam.
Flame seeps out of the orc.
You slash the steam dragon! Okawaru accepts your kill.
You closely miss the orc. You barely miss the orc warrior.
The steam dragon explodes!
The fiery explosion engulfs the orc!!!
Okawaru accepts your kill. The fiery explosion engulfs you!!!
Ouch! That really hurt!
You die...

...# #...... ...# #......
...# #..... ..[# #+#
#...######
...##....#..###...##...#....#
....#....#......§.#....#....#
....#....#......§))....#...o#
....#....#.....§§§#....#....#
....#....#.....§@o#....#D...#
....#....#........#....#oo..#
#####....#####....####o#....#
.............#....##...oo..#
.............#.....#...D...#
.............#.....#.......#
.............#.....#.......#
...............#####.......#
###############.......##+###


You could see an orc warrior (inner flame).

Vanquished Creatures
  Sigmund (D:2)
  A shadow (D:9)
  A steam dragon (D:9)
  An acid dragon (D:9)
  An ogre (D:5)
  2 centaurs (D:5)
  A phantom (D:5)
  A scorpion (D:5)
  2 jellies (D:5)
  A howler monkey (D:4)
  4 hounds
  Crazy Yiuf (D:4)
  An orc priest (D:5)
  2 sleepcaps
  2 iguanas
  3 orc wizards
  2 gnolls (D:3)
  8 adders
  An ufetubus (D:4)
  5 worms
  2 dart slugs (D:4)
  7 orcs
  11 endoplasms
  5 goblins
  7 hobgoblins
  6 jackals
  7 kobolds
  9 quokkas
  8 ball pythons
  5 bats
  4 frilled lizards
  5 rats
117 creatures vanquished.

Vanquished Creatures (others)
  An orc (D:9)
1 creature vanquished.

Grand Total: 118 creatures vanquished

Notes
Turn   | Place    | Note
-------+----------+-------------------------------------------
     0 | D:1      | rddays123 the Minotaur Fighter began the quest for the Orb.
     0 | D:1      | Reached XP level 1. HP: 19/19 MP: 0/0
   367 | D:1      | Reached XP level 2. HP: 25/27 MP: 1/1
  1059 | D:2      | Reached XP level 3. HP: 31/33 MP: 2/2
  1120 | D:2      | Noticed Sigmund
  1129 | D:2      | Killed Sigmund
  1130 | D:2      | Reached XP level 4. HP: 40/41 MP: 3/3
  1130 | D:2      | Reached XP level 5. HP: 46/47 MP: 4/4
  1373 | D:3      | Found a blossoming altar of Fedhas.
  1376 | D:3      | Reached skill level 5 in Fighting
  1376 | D:3      | Reached skill level 5 in Armour
  1377 | D:3      | Reached skill level 5 in Shields
  1468 | D:3      | Found an iron altar of Okawaru.
  1470 | D:3      | Found an ancient bone altar of Kikubaaqudgha.
  1470 | D:3      | Found a shimmering altar of Xom.
  1470 | D:3      | Found a blossoming altar of Fedhas.
  1477 | D:3      | Found a shadowy altar of Dithmenos.
  1477 | D:3      | Found a glowing silver altar of Zin.
  1484 | D:3      | Reached XP level 6. HP: 56/56 MP: 5/5
  1499 | D:3      | Became a worshipper of Warmaster Okawaru
  1942 | D:3      | Found an ornate altar of the Wu Jian Council.
  2060 | D:3      | Found a faded altar of an unknown god.
  2465 | D:4      | Found a runed translucent door.
  2466 | D:4      | Noticed Crazy Yiuf
  2769 | D:4      | Found a large runed translucent door.
  2770 | D:4      | Found a large runed translucent door.
  3019 | D:4      | Found a glowing golden altar of the Shining One.
  3027 | D:4      | Found a white marble altar of Elyvilon.
  3107 | D:4      | Killed Crazy Yiuf
  3294 | D:5      | Entered Level 5 of the Dungeon
  3294 | D:5      | Found a staircase to the Ecumenical Temple.
  3304 | D:4      | Reached skill level 5 in Axes
  3304 | D:4      | Reached XP level 7. HP: 62/62 MP: 6/6
  3410 | D:5      | Reached * piety under Okawaru
  3634 | D:5      | Reached skill level 1 in Invocations
  4116 | D:5      | Reached XP level 8. HP: 68/71 MP: 7/7
  4221 | D:5      | Reached ** piety under Okawaru
  4511 | D:6      | You fall into a shaft and drop 3 floors!
  4707 | D:9      | HP: 3/74 [steam dragon (5)]
  4708 | D:9      | Killed by an exploding steam dragon... ignited by their
                  | inner flame

Illustrated notes

Levels and vault maps discovered:
D:1:      lemuel_arrival_lava_pool, layout_basic, serial_park_tiny_pond
D:2:      layout_rooms, nicolae_figureground_pulse, uniq_sigmund
D:3:      wad_woods_stonehenge, layout_loops_ring, lemuel_tele_altar,
          minmay_overflow_temple_hex, nicolae_ecumenical_oubliette
D:4:      layout_loops_cross, jmf_multi_god_temple2, uniq_crazy_yiuf_cottage
D:5:      layout_basic, minmay_temple_entry_sparse_star
D:6:      layout_rooms, old_standard_altar
D:9:      layout_gridville, kennysheep_nondescript, minmay_gold_behind_fungi,
          uniq_maurice, uniq_maggie

Skill      XL: |  1  2  3  4  5  6  7  8 |
---------------+-------------------------+-----
Armour         | 4 5 6 7 |  7.7
Fighting       | 4 5 6 7 |  7.7
Axes           | 3 4 5 6 7 |  7.1
Shields        | 4 5 |  5.6
Invocations    | 1 |  1.1

Action                     |  1- 3 |  4- 6 |  7- 9 || total
---------------------------+-------+-------+-------++-------
  Melee: War axe           |    58 |   129 |    84 ||   271
         Headbutt          |     7 |    24 |    13 ||    44
 Invoke: Heroism           |       |       |     1 ||     1
    Use: Scroll            |       |       |     1 ||     1
 Armour: Scale mail        |    12 |       |       ||    12
         Plate armour      |    11 |   110 |    76 ||   197
  Dodge: Dodged            |    29 |    31 |    30 ||    90
  Block: Buckler           |    13 |    22 |    29 ||    64
